 Dungeon Crawl Stone Soup version 0.26.1 (webtiles) character file.

Game seed: 3090358812989096143

52493 pkoi the Severer (level 14, -5/137 HPs)
             Began as a Minotaur Gladiator on Feb 6, 2021.
             Was an Elder of Qazlal.
             Slain by a freezing wraith (23 damage)
             ... led by a death knight
             ... on level 11 of the Dungeon.
             The game lasted 00:25:28 (24643 turns).

pkoi the Severer (Minotaur Gladiator)              Turns: 24643, Time: 00:25:29

Health: -5/137     AC: 18    Str: 23    XL:     14   Next: 27%
Magic:  31/31      EV: 14    Int: 11    God:    Qazlal [****..]
Gold:   849        SH:  5    Dex: 13    Spells: 13/13 levels left

rFire    . . .     SeeInvis +   w - +1 battleaxe
rCold    . . .     Faith    .   (shield currently unavailable)
rNeg     . . .     Spirit   .   O - +1 chain mail "Ibreog" {rPois rCorr}
rPois    +         Reflect  .   c - +1 hat
rElec    .         Harm     .   P - +0 cloak
rCorr    +         Rampage  .   n - +0 pair of gloves
Will     +....     Clarity  +   u - +0 pair of boots
Stlth    ..........             (no amulet)
HPRegen  0.32/turn              Q - ring of magical power
MPRegen  0.22/turn              K - +6 ring of intelligence

@: slowed, repel missiles, very slow
A: retaliatory headbutt, horns 2, see invisible, clarity, robust 1, wild magic
2, evolution 2, MP-powered wands
a: Renounce Religion, Upheaval, Elemental Force


You were on level 11 of the Dungeon.
You worshipped Qazlal.
Qazlal was greatly pleased with you.
You visited 3 branches of the dungeon, and saw 19 of its levels.
You also visited: Sewer.

You collected 1211 gold pieces.
You spent 362 gold pieces at shops.

Inventory:

Hand Weapons
 a - a +0 war axe
 w - a +1 battleaxe (weapon)
Missiles
 d - 6 throwing nets
 q - 11 curare-tipped darts (quivered)
Armour
 c - a +1 hat (worn)
 n - a +0 pair of gloves (worn)
 u - a +0 pair of boots (worn)
 O - the +1 chain mail "Ibreog" (worn) {rPois rCorr}
   (You found it on level 6 of the Lair of Beasts)

   It protects you from poison.
   It provides partial protection from all sources of acid and corrosion.
 P - a +0 cloak (worn)
Jewellery
 i - an uncursed ring of poison resistance
 k - an uncursed ring of ice
 t - an uncursed ring of willpower
 y - an uncursed ring of protection from fire
 D - an uncursed ring of wizardry
 K - a +6 ring of intelligence (right hand)
 Q - a ring of magical power (left hand)
Wands
 o - a wand of iceblast (34)
 r - a wand of digging (6)
 B - a wand of polymorph (12)
 E - a wand of enslavement (6)
 G - a wand of disintegration (52)
 H - a wand of flame (10)
 N - a wand of paralysis (4)
Scrolls
 f - 13 scrolls of teleportation
 g - 10 scrolls of identify
 p - 12 scrolls of remove curse
 s - 5 scrolls of blinking
 x - a scroll of amnesia
 C - 3 scrolls of fear
 J - 3 scrolls of enchant armour
 M - 2 scrolls of magic mapping
Potions
 b - 4 potions of flight
 e - 4 potions of magic
 h - 5 potions of might
 j - 7 potions of curing
 l - 5 potions of heal wounds
 m - 3 potions of haste
 z - 2 potions of invisibility
 A - 2 potions of berserk rage
 F - a potion of ambrosia
 I - a potion of resistance


   Skills:
 - Level 11.8 Fighting
 + Level 16.0 Axes
 - Level 2.0 Throwing
 - Level 11.7 Armour
 - Level 10.6 Dodging
 + Level 13.0 Invocations


You had 13 spell levels left.
You didn't know any spells.
Your spell library contained the following spells:

 Spells                   Type           Power        Failure   Level
 Beastly Appendage        Tmut           0%           95%         1
 Corona                   Hex            0%           95%         1
 Magic Dart               Conj           0%           95%         1
 Sandblast                Erth           0%           95%         1
 Summon Small Mammal      Summ           0%           95%         1
 Blink                    Tloc           N/A          98%         2
 Call Imp                 Summ           0%           98%         2
 Ensorcelled Hibernation  Hex/Ice        0%           98%         2
 Passwall                 Tmut/Erth      0%           98%         2
 Searing Ray              Conj           0%           98%         2
 Slow                     Hex            0%           98%         2
 Wereblood                Tmut           0%           98%         2
 Call Canine Familiar     Summ           0%           100%        3
 Confusing Touch          Hex            0%           100%        3
 Conjure Flame            Conj/Fire      0%           100%        3
 Dazzling Flash           Conj/Hex       0%           100%        3
 Mephitic Cloud           Conj/Pois/Air  0%           100%        3
 Spider Form              Tmut/Pois      0%           100%        3
 Static Discharge         Conj/Air       0%           100%        3
 Stone Arrow              Conj/Erth      0%           100%        3
 Summon Guardian Golem    Hex/Summ       0%           100%        3
 Tukima's Dance           Hex            0%           100%        3
 Fulminant Prism          Conj/Hex       0%           100%        4
 Ice Form                 Ice/Tmut       0%           100%        4
 Iskenderun's Mystic Bla  Conj/Tloc      0%           100%        4
 Petrify                  Tmut/Erth      0%           100%        4
 Summon Ice Beast         Ice/Summ       0%           100%        4
 Summon Lightning Spire   Summ/Air       0%           100%        4
 Blade Hands              Tmut           0%           100%        5
 Bolt of Magma            Conj/Fire/Erth 0%           100%        5
 Iskenderun's Battlesphe  Conj           0%           100%        5
 Lee's Rapid Deconstruct  Erth           0%           100%        5
 Lightning Bolt           Conj/Air       0%           100%        5
 Iron Shot                Conj/Erth      0%           100%        6
 Orb of Destruction       Conj           0%           100%        7
 Spellforged Servitor     Conj/Summ      0%           100%        7
 Ignition                 Fire           0%           100%        8
 Shatter                  Erth           0%           100%        9
 Tornado                  Air            0%           100%        9


Dungeon Overview and Level Annotations

Branches:
Dungeon (12/15)            Temple (1/1) D:4            Lair (6/6) D:8
  Swamp (0/4) Lair:4        Snake (0/4) Lair:4        Slime (0/5) Lair:6
    Orc (0/2) D:10          Sewer (visited)

Altars:
Ashenzari
Cheibriados
Dithmenos
Elyvilon
Fedhas
Gozag
Hepliaklqana
Kikubaaqudgha
Makhleb
Nemelex Xobeh
Okawaru
Qazlal
Ru
Sif Muna
Trog
Uskayaw
Vehumet
Wu Jian
Xom
Yredelemnul
Zin
The Shining One

Shops:
D:5 [   D:6 !

Annotations:
D:8 exclusion: oklob plant


Innate Abilities, Weirdness & Mutations

You reflexively headbutt those who attack you in melee.
You have a pair of horns on your head.
You have supernaturally acute eyesight. (SInv)
You possess an exceptional clarity of mind.
You are robust. (+10% HP)
Your spells are harder to cast, but more powerful.
You rapidly evolve.
You expend magic power (3 MP) to strengthen your wands.


Message History

You completely miss the death knight.
You headbutt the death knight, but do no damage.
The death knight is lightly wounded.
You slash the freezing wraith! The death knight completely misses you.
The freezing wraith hits you but does no damage.
The freezing wraith closely misses you.
Unknown command.
You slash the death knight!
The death knight is lightly wounded.
You slice the freezing wraith!! The freezing wraith barely misses you.
The freezing wraith hits you.
The death knight hits you with a +1 morningstar!!
* * * LOW HITPOINT WARNING * * *
You barely miss the death knight.
You headbutt the death knight, but do no damage.
The death knight is lightly wounded.
You barely miss the freezing wraith. The freezing wraith hits you.
* * * LOW HITPOINT WARNING * * *
The freezing wraith freezes you!!
You die...

# ### ##### ..##
############ #...#
#..###..........###.#.#
##............§p@°○...#
.##.....#.#....W....###
..#.....#.#...°.○####
..#...).#........#
..##..#.#.#.....##
#.#...#.[.#....##
.##.......#.....#
.'......#))(.#.##
.##.....####.#.#


You could see a death knight and a freezing wraith.

Vanquished Creatures
  Snorg (Lair:6)
  Josephine (Lair:4)
  Harold (D:7)
  5 hydras
  A catoblepas (Lair:3)
  3 death yaks (Lair:6)
  2 two-headed ogres
  Pikel (D:5)
  3 lindwurms (Lair:6)
  4 oklob plants (Lair:6)
  A centaur zombie (D:12)
  6 elephants (Lair:6)
  7 black mambas
  Psyche (D:9)
  17 cane toads
  6 komodo dragons
  Maggie (Lair:1)
  4 rime drakes
  15 polar bears
  Grinder (D:4)
  2 trolls (D:11)
  A raiju (Lair:6)
  Prince Ribbit (D:8)
  2 dream sheep (Lair:6)
  3 blink frogs (Lair:6)
  3 wyverns
  5 wraiths
  5 basilisks
  A human (D:10)
  32 yaks
  5 wargs
  Edmund (D:6)
  2 nagas (Lair:4)
  13 water moccasins
  3 orc warriors
  2 ice beasts
  16 hell hounds
  2 phantoms
  14 black bears
  4 sky beasts
  5 ogres
  40 wolves
  2 lemures (D:5)
  6 centaurs
  A big kobold (D:11)
  16 bullfrogs
  A wyvern zombie (D:10)
  A wyvern skeleton (D:10)
  4 killer bees (D:8)
  6 scorpions
  19 wights
  An electric eel (Lair:4)
  3 howler monkeys
  A quasit (D:9)
  2 bullfrog zombies (D:7)
  3 jellies
  3 centaur skeletons
  5 orc priests
  2 bullfrog skeletons
  5 hounds
  10 orc wizards
  2 iguanas
  8 hell rats (Lair:6)
  10 worker ants
  A hound zombie (D:6)
  2 hound skeletons (D:5)
  A howler monkey skeleton (D:8)
  7 gnolls
  A river rat (D:4)
  10 adders
  4 shadow imps
  5 white imps
  4 ufetubi
  6 oozes
  2 adder zombies
  6 worms
  6 leopard geckos
  54 orcs
  10 giant cockroaches
  3 goblins
  3 hobgoblins
  13 jackals
  11 kobolds
  9 quokkas
  7 ball pythons
  22 bats
  A frilled lizard (D:4)
  A jackal zombie (D:8)
  A leopard gecko skeleton (D:5)
  A quokka skeleton (D:5)
  A quokka zombie (D:5)
  10 rats
556 creatures vanquished.

Vanquished Creatures (collateral kills)
  A hydra (Lair:6)
  A rime drake (Lair:6)
  A wyvern (D:10)
  A warg (D:10)
  3 orcs (D:10)
7 creatures vanquished.

Vanquished Creatures (others)
  Ijyb (D:5)
  93 fungi
  105 plants
199 creatures vanquished.

Grand Total: 762 creatures vanquished

Notes
Turn   | Place    | Note
-------+----------+-------------------------------------------
     0 | D:1      | pkoi the Minotaur Gladiator began the quest for the Orb.
     0 | D:1      | Reached XP level 1. HP: 18/18 MP: 0/0
    76 | D:1      | Reached skill level 4 in Axes
   196 | D:1      | Reached XP level 2. HP: 23/25 MP: 1/1
   430 | D:1      | Reached skill level 5 in Axes
   536 | D:1      | Reached XP level 3. HP: 30/30 MP: 2/2
  1223 | D:2      | Reached XP level 4. HP: 37/37 MP: 3/3
  1273 | D:2      | Reached skill level 6 in Axes
  2747 | D:4      | Reached skill level 7 in Axes
  2747 | D:4      | Reached XP level 5. HP: 34/42 MP: 4/4
  2752 | D:4      | Found a staircase to the Ecumenical Temple.
  2809 | Temple   | Entered the Ecumenical Temple
  2865 | Temple   | Became a worshipper of Qazlal Stormbringer
  2999 | D:4      | Found a glowing drain.
  3003 | Sewer    | Entered a sewer
  3300 | Sewer    | Gained mutation: You are agile. (Dex +2) [potion of
                  | mutation]
  3300 | Sewer    | Gained mutation: Your spells are a little harder to cast,
                  | but a little more powerful. [potion of mutation]
  3300 | Sewer    | Gained mutation: You evolve. [potion of mutation]
  3305 | Sewer    | Reached * piety under Qazlal
  3719 | D:4      | Reached skill level 1 in Armour
  3719 | D:4      | Reached skill level 1 in Invocations
  3728 | D:4      | Reached XP level 6. HP: 30/50 MP: 4/6
  3892 | D:4      | Gained mutation: You are robust. (+10% HP) [evolution]
  3940 | D:4      | Noticed Grinder
  3962 | D:4      | Killed Grinder
  3963 | D:4      | Reached skill level 8 in Axes
  3963 | D:4      | Reached XP level 7. HP: 27/62 MP: 6/8
  4282 | D:4      | Found a sparkling altar of Nemelex Xobeh.
  4437 | D:5      | Entered Level 5 of the Dungeon
  4698 | D:5      | Noticed Ijyb
  4705 | D:5      | Killed Ijyb
  4712 | D:5      | Noticed Pikel
  4757 | D:4      | Gained mutation: You possess an exceptional clarity of
                  | mind. [evolution]
  4992 | D:5      | Killed Pikel
  4993 | D:5      | Reached skill level 5 in Fighting
  4993 | D:5      | Reached skill level 5 in Invocations
  4993 | D:5      | Reached XP level 8. HP: 56/74 MP: 8/10
  5266 | D:5      | Found a glowing silver altar of Zin.
  5267 | D:5      | Found a shadowy altar of Dithmenos.
  5267 | D:5      | Found an iron altar of Okawaru.
  5267 | D:5      | Found a white marble altar of Elyvilon.
  5272 | D:5      | Found a hide-covered altar of Uskayaw.
  5294 | D:5      | Found Ejuekess's Antique Armour Shop.
  5299 | D:5      | Bought a heavily runed leather armour for 175 gold pieces
  5299 | D:5      | Bought a shiny chain mail for 187 gold pieces
  5308 | D:5      | Identified the +1 leather armour of Guariofeq {rCorr} (You
                  | bought it in a shop on level 5 of the Dungeon)
  5320 | D:5      | Reached skill level 9 in Axes
  6069 | D:5      | Gained mutation: Your spells are harder to cast, but more
                  | powerful. [evolution]
  6347 | D:5      | Reached ** piety under Qazlal
  6355 | D:5      | Reached skill level 10 in Axes
  6832 | D:6      | Found Toxtiez's Distillery.
  6905 | D:6      | Reached XP level 9. HP: 75/81 MP: 11/13
  7457 | D:6      | Noticed Edmund
  7466 | D:6      | Killed Edmund
  7826 | D:6      | Found a shimmering altar of Xom.
  8266 | D:7      | Reached skill level 11 in Axes
  8312 | D:7      | Noticed Harold
  8333 | D:7      | Killed Harold
  8362 | D:7      | Reached skill level 12 in Axes
  8551 | D:6      | Gained mutation: You expend magic power (3 MP) to
                  | strengthen your wands. [evolution]
  8742 | D:7      | Reached XP level 10. HP: 82/88 MP: 15/15
  9231 | D:8      | Noticed a two-headed ogre
  9238 | D:8      | Killed a two-headed ogre
  9255 | D:8      | Reached skill level 5 in Armour
  9723 | D:8      | Found a staircase to the Lair.
  9731 | D:8      | Reached *** piety under Qazlal
  9878 | D:8      | Reached skill level 5 in Dodging
 10260 | D:8      | Noticed Prince Ribbit
 10269 | D:8      | Killed Prince Ribbit
 10310 | D:8      | Found a blossoming altar of Fedhas.
 10333 | D:8      | Noticed an oklob plant
 10685 | D:9      | Noticed a two-headed ogre
 10692 | D:9      | Killed a two-headed ogre
 10830 | D:9      | Noticed Psyche
 10840 | D:9      | Killed Psyche
 10841 | D:9      | Reached XP level 11. HP: 75/101 MP: 13/17
 11106 | D:9      | Reached skill level 10 in Invocations
 11113 | D:9      | Reached **** piety under Qazlal
 11476 | D:9      | Found a blossoming altar of Fedhas.
 11476 | D:9      | Found a broken altar of Ashenzari.
 11504 | D:10     | Entered Level 10 of the Dungeon
 11518 | D:10     | Reached skill level 13 in Axes
 11900 | D:10     | Found a staircase to the Orcish Mines.
 13223 | D:11     | Got a twisted plate armour
 13225 | D:11     | Identified the cursed +0 plate armour of Burnt Tender
                  | Moments {Dex+3 Stlth+} (You found it on level 11 of the
                  | Dungeon)
 13261 | D:11     | Gained mutation: You have supernaturally acute eyesight.
                  | (SInv) [evolution]
 13458 | D:12     | Noticed a skeletal warrior
 13459 | D:12     | Noticed a skeletal warrior
 13462 | D:12     | Noticed a death knight
 13539 | Lair:1   | Entered Level 1 of the Lair of Beasts
 14171 | Lair:1   | Noticed Maggie
 14174 | Lair:1   | Killed Maggie
 15134 | Lair:2   | Reached XP level 12. HP: 93/113 MP: 19/19
 15171 | Lair:2   | Noticed an eight-headed hydra
 15174 | Lair:2   | Killed an eight-headed hydra
 16346 | Lair:3   | Reached skill level 14 in Axes
 16517 | Lair:3   | Noticed a catoblepas
 16530 | Lair:3   | Killed a catoblepas
 17045 | Lair:3   | Reached skill level 10 in Fighting
 17837 | Lair:4   | Noticed a four-headed hydra
 17841 | Lair:4   | Found a staircase to the Swamp.
 17842 | Lair:4   | Killed a four-headed hydra
 17921 | Lair:4   | Reached skill level 10 in Armour
 17974 | Lair:4   | Noticed Josephine
 17982 | Lair:4   | Killed Josephine
 17988 | Lair:4   | Reached XP level 13. HP: 103/125 MP: 20/20
 18104 | Lair:3   | Gained mutation: You rapidly evolve. [evolution]
 18394 | Lair:4   | Found a staircase to the Snake Pit.
 18724 | Lair:4   | Found an ornate altar of the Wu Jian Council.
 19855 | Lair:6   | Entered Level 6 of the Lair of Beasts
 20416 | Lair:6   | Noticed Snorg
 20428 | Lair:6   | Killed Snorg
 20751 | Lair:6   | Reached skill level 15 in Axes
 21085 | Lair:6   | Reached skill level 10 in Dodging
 21610 | Lair:6   | Found a staircase to the Slime Pits.
 22606 | Lair:6   | Reached XP level 14. HP: 132/137 MP: 22/22
 22778 | Lair:6   | Got a polished chain mail
 22779 | Lair:6   | Identified the +1 chain mail "Ibreog" {rPois rCorr} (You
                  | found it on level 6 of the Lair of Beasts)
 23198 | Lair:6   | Lost mutation: You are agile. (Dex +2) [evolution]
 24329 | Lair:6   | Reached skill level 16 in Axes
 24643 | D:11     | Slain by a freezing wraith

Illustrated notes

Levels and vault maps discovered:
D:1:      minmay_arrival_stone_box, layout_rooms
D:2:      layout_basic, kennysheep_generic_room_6
D:3:      layout_basic
D:4:      layout_cave_pools, lemuel_round_altar, minmay_temple_entry_wispy,
          gup_sewer_entry_spiral, uniq_grinder
D:5:      layout_layer_cave, minitemple, serial_shops, kennysheep_little_box,
          chequers_serial_rivers_large_b, supply_closet_lemuel,
          minmay_crossroads, uniq_ijyb, uniq_pikel
D:6:      layout_loops_corners, serial_shops, shop, tgw_xom, uniq_edmund
D:7:      layout_loops_ring, uniq_harold
D:8:      layout_loops_ring, due_lair_maze_entry_diamond, tgw_fedhas,
          uniq_prince_ribbit1
D:9:      layout_cave_pools, amethyst_overflow_temple_binary, uniq_psyche
D:10:     layout_irregular_city, erik_orc_4
D:11:     kennysheep_ambush_hall, layout_basic
D:12:     layout_gridville, serial_bayou, serial_bayou_shore_a,
          serial_bayou_pond_e, serial_bayou_pond_e, serial_bayou_ford_a,
          uniq_gastronok
Temple:   cyrus_circular_temple
Lair:1:   layout_concentric_octagons, minivault_24, st_stairs_9, uniq_maggie
Lair:2:   layout_loops_ring, chequers_serial_rivers_small_b,
          infiniplex_staircase_pool_2
Lair:3:   layout_regular_city, grunt_forest_large_clearings
Lair:4:   layout_misc_corridors, swamp_mist_pool,
          minmay_snake_entry_guardpost_small, basic_altar, lemuel_fruit_fields,
          uniq_josephine
Lair:5:   layout_roguey
Lair:6:   hangedman_lair_caniforms_friends, layout_regular_city,
          hangedman_lair_in_review, minmay_slime_entry_oklob_open,
          bh_autumn_forest_stairs, uniq_snorg

Skill      XL: |  1  2  3  4  5  6  7  8  9 10 11 12 13 14 |
---------------+-------------------------------------------+-----
Axes           | 4 5 7 8 10 12 13 14 15 16 | 16.0
Armour         | 1 2 4 6 8 10 11 | 11.7
Invocations    | 1 2 5 6 9 10 11 12 13 | 13.0
Fighting       | 3 5 7 8 10 11 | 11.8
Dodging        | 5 7 9 10 | 10.6
Throwing       | |  2.0

Action                   |  1- 3 |  4- 6 |  7- 9 | 10-12 | 13-15 || total
-------------------------+-------+-------+-------+-------+-------++-------
Melee: War axe           |    79 |   153 |   261 |       |       ||   493
       Headbutt          |    15 |    23 |    62 |   139 |    85 ||   324
       Battleaxe         |       |       |       |   586 |   380 ||   966
Invok: Upheaval          |       |       |     2 |    14 |     8 ||    24
       Elemental Force   |       |       |       |     1 |     2 ||     3
Evoke: Wand              |       |       |       |       |     5 ||     5
  Use: Scroll            |     1 |       |     8 |    14 |     4 ||    27
       Potion            |       |     9 |       |       |       ||     9
Armor: Leather armour    |     5 |       |       |       |       ||     5
       Ring mail         |    30 |    54 |    25 |       |       ||   109
       Chain mail        |       |       |   118 |   306 |    76 ||   500
       Plate armour      |       |       |       |       |   209 ||   209
Dodge: Dodged            |    69 |   122 |   126 |   342 |   296 ||   955
       Repelled          |       |       |       |     1 |     5 ||     6
Block: Other             |       |     1 |    20 |   137 |   107 ||   265
